 Dungeon Crawl Stone Soup version 0.31-a0-1178-gc5c9b8f871 (webtiles) character file.

Game seed: 4593203358150689443

4051 Crabhammer the Martial Artist (level 10, -3/59 HPs)
             Began as an Octopode Shapeshifter on Dec 12, 2023.
             Was a Believer of Wu Jian.
             Killed from afar by an electric eel (11 damage)
             ... with a bolt of electricity
             ... on level 8 of the Dungeon.
             The game lasted 00:27:58 (6983 turns).

Crabhammer the Martial Artist (OpSh)                Turns: 6983, Time: 00:27:58

Health: -3/59      AC:  1    Str: 13    XL:     10   Next: 24%
Magic:  10/10      EV: 22    Int: 13    God:    Wu Jian [**....]
Gold:   364        SH:  0    Dex: 16    Spells: 9/9 levels left

rFire   . .          .
                       - Unarmed
rCold   . . .        (shield currently unavailable)
rNeg    . . .        (helmet restricted)
rPois   .            t - amulet of regeneration
rElec   .            f - +5 ring of evasion
rCorr   +            i - ring of resist corrosion
SInv    .            (no ring)
Will    .....        (no ring)
Stlth   +            (no ring)
HPRegen 1.09/turn    (no ring)
MPRegen 0.12/turn    (no ring)
                     (no ring)

%: no passive effects
@: flux-form, glowing, studying Shields
A: glow, contaminating, reduced hp, almost no armour, amphibious, 8 rings,
camouflage 1, gelatinous body 1, (nimble swimmer 1), tentacles
a: Begin Untransformation, Renounce Religion, Wall Jump


You were on level 8 of the Dungeon.
You worshipped Wu Jian.
Wu Jian was pleased with you.
You were something dangerously unstable.
You visited 2 branches of the dungeon, and saw 9 of its levels.

You collected 364 gold pieces.

Inventory:

Missiles
 d - 3 curare-tipped darts
 j - a boomerang (quivered)
 n - a throwing net
 w - 6 atropa-tipped darts
 z - 2 darts of dispersal
Jewellery
 f - a +5 ring of evasion (left tentacle)
 i - a ring of resist corrosion (right tentacle)
 t - an amulet of regeneration (around mantle)
Talismans
 b - a beast talisman
 c - a flux talisman (active)
Wands
 m - a wand of charming (9)
 v - a wand of flame (21)
Scrolls
 k - a scroll of teleportation
 p - a scroll of vulnerability
 s - a scroll of enchant weapon
 x - a scroll of poison
 y - a scroll of enchant armour {unknown}
 A - a scroll of torment {unknown}
Potions
 a - a potion of lignification
 e - a potion of ambrosia
 g - a potion of brilliance
 h - a potion of heal wounds
 l - a potion of haste
 o - 2 potions of mutation
 q - a potion of enlightenment {unknown}
 r - 2 potions of cancellation
 u - 2 potions of magic


   Skills:
 + Level 3.9 Fighting
 - Level 2.0 Dodging
 + Level 12.8 Unarmed Combat
 + Level 6.4 Shapeshifting


You had 9 spell levels left.
You didn't know any spells.
Your spell library contained the following spells:

 Spells                   Type           Power      Damage    Failure   Level
 Shock                    Conj/Air       0%         1d3       30%         1
 Gell's Gravitas          Tloc           0%         N/A       67%         3
 Ozocubu's Armour         Ice            0%         N/A       67%         3
 Swiftness                Air            0%         N/A       67%         3
 Teleport Other           Tloc           0%         N/A       67%         3
 Airstrike                Air            0%         2d(0-16)  97%         4
 Vhi's Electric Charge    Tloc/Air       0%         N/A       97%         4
 Arcjolt                  Conj/Air       0%         1d10      100%        5
 Dispersal                Tloc           0%         N/A       100%        6
 Ozocubu's Refrigeration  Ice            0%         4d7       100%        7
 Maxwell's Capacitive Co  Air            0%         ∞         100%        8


Dungeon Overview and Level Annotations

Branches:
Dungeon (8/15)             Temple (1/1) D:5
   Lair: D:8-11

Altars:
Ashenzari
Cheibriados
Dithmenos
Elyvilon
Fedhas
Gozag
Hepliaklqana
Kikubaaqudgha
Makhleb
Okawaru
Qazlal
Ru
Sif Muna
Trog
Vehumet
Wu Jian
Xom
Yredelemnul
Zin
The Shining One

Shops:
D:7 *

Annotations:
D:7 1 runed translucent door, Crazy Yiuf


Innate Abilities, Weirdness & Mutations

You are something dangerously unstable.
You glow with magical radiation, making you easy to see and hit.
Foes you strike become dangerously contaminated with magical radiation.
Your maximum health is decreased, since you lack skill for your form.
You are incapable of wielding weapons or throwing items.
You cannot wear most types of armour.
You are amphibious.
You can wear up to eight rings at the same time.
Your skin changes colour to match your surroundings (Stealth+).
Your rubbery body absorbs attacks. (AC +1, EV +1)
((You are camouflaged when in or above water. (Stealth+)))
You have tentacles for arms and can constrict up to eight enemies at once.


Message History

You closely miss the electric eel. You grab the electric eel.
You constrict the electric eel.
The electric eel shoots out a bolt of lightning at you!
The bolt of electricity hits the electric eel.
The electric eel completely resists.
The bolt of electricity hits you!
The electric eel shoots out a bolt of lightning at you!
The bolt of electricity misses you.
The hound barks!
You release your grip on the electric eel.
You start resting.
HP restored.
The electric eel shoots out a bolt of lightning at you!
The bolt of electricity hits the hound!
The bolt of electricity misses you. The bolt of electricity hits you!
Unknown command.
The electric eel shoots out a bolt of lightning at you!
The bolt of electricity hits you!
You start resting.
An electric eel is nearby!
The electric eel shoots out a bolt of lightning at you!
The bolt of electricity hits you! x2
The bolt of electricity hits the electric eel.
The electric eel completely resists.
You bludgeon the electric eel!
The electric eel begins to glow.
You grab the electric eel. You squeeze the electric eel.
The electric eel is almost dead.
You constrict the electric eel.
The electric eel shoots out a bolt of lightning at you!
The bolt of electricity hits you. The bolt of electricity hits you!
The bolt of electricity hits the electric eel.
The electric eel completely resists.
The electric eel shoots out a bolt of lightning at you!
The bolt of electricity hits you!
* * * LOW HITPOINT WARNING * * *
The electric eel shoots out a bolt of lightning at you!
The bolt of electricity hits the hound!
The hound dies!
The bolt of electricity hits the electric eel.
The electric eel completely resists.
The bolt of electricity hits you!
You die...

≈~~~..$..~≈≈~.~
≈≈~..~~~≈.~~~~.
~~~≈~T≈≈~≈~S≈~.
~.~≈≈≈≈≈≈≈≈≈~~.
..~≈~≈≈≈≈≈~~.~~
....~≈≈≈≈≈h.~..
.....≈≈SS≈~S[..
#p#### #....# ..
####.# .# #.### .#
#...### .# ###...##.#
###.)#.#
#################)#.#
#..............)).).#


You could see a troll, a hound and 4 electric eels.

Vanquished Creatures
  A troll (D:5)
  Prince Ribbit (D:7)
  Grinder (D:3)
  Grum (D:6)
  Duvessa (D:5)
  3 water moccasins
  4 ice beasts
  An orc warrior (D:8)
  A black bear (D:5)
  A sky beast (D:6)
  A wolf (D:6)
  A phantom (D:6)
  A gnoll sergeant (D:6)
  2 bullfrogs (D:7)
  2 scorpions
  Dowan (D:5)
  5 wights (D:8)
  3 howler monkeys
  3 gnoll boudas
  16 hounds
  5 orc priests
  5 jellies
  2 sleepcaps
  Ijyb (D:5)
  5 orc wizards
  11 gnolls
  8 adders
  A shadow imp (D:7)
  A white imp (D:6)
  2 ufetubi (D:5)
  4 worms
  3 dart slugs
  20 orcs
  5 endoplasms
  2 giant cockroaches (D:4)
  8 goblins
  2 hobgoblins (D:1)
  A jackal (D:6)
  10 kobolds
  3 quokkas
  9 ball pythons
  A bat (D:2)
  4 frilled lizards
  3 rats
166 creatures vanquished.

Vanquished Creatures (others)
  A hound (D:8)
1 creature vanquished.

Grand Total: 167 creatures vanquished

Notes
Turn   | Place    | Note
-------+----------+-------------------------------------------
     0 | D:1      | Crabhammer the Octopode Shapeshifter began the quest for
                  | the Orb.
     0 | D:1      | Reached XP level 1. HP: 13/13 MP: 1/1
   123 | D:1      | Reached XP level 2. HP: 10/18 MP: 2/2
   927 | D:1      | Reached XP level 3. HP: 19/23 MP: 3/3
  1047 | D:2      | Reached skill level 4 in Unarmed Combat
  1177 | D:2      | Reached XP level 4. HP: 8/28 MP: 4/4
  1975 | D:3      | Found a broken altar of Ashenzari.
  2261 | D:3      | Found a shimmering blue altar of Sif Muna.
  2359 | D:3      | Found a sacrificial altar of Ru.
  2440 | D:3      | Noticed Grinder
  2459 | D:3      | Killed Grinder
  2460 | D:3      | Reached skill level 6 in Unarmed Combat
  2460 | D:3      | Reached XP level 5. HP: 26/34 MP: 5/5
  2460 | D:3      | Reached XP level 6. HP: 30/39 MP: 6/6
  3302 | D:4      | Reached XP level 7. HP: 45/45 MP: 7/7
  3744 | D:4      | Reached skill level 7 in Unarmed Combat
  3790 | D:5      | Entered Level 5 of the Dungeon
  3813 | D:5      | Found a basalt altar of Yredelemnul.
  3962 | D:5      | Noticed a troll
  4016 | D:5      | Found a staircase to the Ecumenical Temple.
  4022 | Temple   | Entered the Ecumenical Temple
  4038 | Temple   | Became a worshipper of the Wu Jian Council
  4433 | D:5      | Reached skill level 8 in Unarmed Combat
  4433 | D:5      | Reached XP level 8. HP: 50/51 MP: 8/8
  4498 | D:5      | Killed a troll
  4540 | D:5      | Found an opulent altar of Gozag.
  4547 | D:5      | Noticed Duvessa
  4547 | D:5      | Noticed Dowan
  4554 | D:5      | Reached skill level 9 in Unarmed Combat
  4565 | D:5      | Killed Duvessa
  4588 | D:5      | Killed Dowan
  4611 | D:5      | Reached skill level 5 in Shapeshifting
  4638 | D:5      | Noticed Ijyb
  4645 | D:5      | Killed Ijyb
  4800 | D:5      | Reached * piety under Wu Jian
  4898 | D:6      | Reached skill level 10 in Unarmed Combat
  4990 | D:6      | Reached XP level 9. HP: 54/55 MP: 9/9
  5235 | D:6      | Reached skill level 11 in Unarmed Combat
  5258 | D:6      | Reached ** piety under Wu Jian
  5353 | D:6      | Noticed Grum
  5356 | D:6      | Killed Grum
  5630 | D:7      | Found Zin's Purification Station.
  5631 | D:7      | Found a glowing silver altar of Zin.
  5658 | D:7      | Noticed Prince Ribbit
  5668 | D:7      | Killed Prince Ribbit
  5783 | D:7      | Reached skill level 12 in Unarmed Combat
  5946 | D:7      | Reached XP level 10. HP: 59/63 MP: 10/10
  6227 | D:7      | Found a shimmering altar of Xom.
  6266 | D:7      | Found a runed translucent door.
  6267 | D:7      | Noticed Crazy Yiuf
  6983 | D:8      | Killed from afar by an electric eel

Illustrated notes

Levels and vault maps discovered:
D:1:      ldierk_walled_garden, layout_loops_corners, minmay_misc_feat_doors,
          nrook_loot_triangle, hangedman_decor_riveting
D:2:      layout_basic
D:3:      layout_loops_ring, old_standard_altar, nicolae_ru_path_of_blood,
          mainiacjoe_overflow_alcove_2, uniq_grinder
D:4:      layout_gridville, minivault_24, mrwooster_statue_mirror,
          minmay_circle_x
D:5:      layout_gridville, mainiacjoe_overflow_large_starburst,
          minmay_temple_entry_proselytizer, uniq_ijyb, uniq_duvessa
D:6:      layout_cave_pools, serial_gnoll_camp, gnoll_camp_mini_basic,
          grums_kennel, gnoll_camp_mini_hut, gnoll_camp_mini_house,
          gnoll_camp_mini_hut, dk_noncrumbling_2, grunt_ministairs_14
D:7:      layout_rooms, marbit_many_paths, zin_purify, hangedman_glass_teeth,
          serial_library_hellmonk_open_cross, uniq_crazy_yiuf_cottage,
          uniq_prince_ribbit1
D:8:      layout_basic, erik_lair_island, serial_shops, shop, nicolae_good_shop,
          uniq_maurice
Temple:   oiseaux_autumnal_temple

Skill      XL: |  1  2  3  4  5  6  7  8  9 |
---------------+----------------------------+-----
Unarmed Combat | 4 6 8 10 12 | 12.8
Fighting       | 2 3 |  3.9
Shapeshifting  | 4 5 6 |  6.4
Dodging        | |  2.0

Action                     |  1- 3 |  4- 6 |  7- 9 | 10-12 || total
---------------------------+-------+-------+-------+-------++-------
  Melee: Unarmed           |    47 |    85 |   216 |    64 ||   412
         Constrict         |    10 |    24 |    60 |    12 ||   106
         Tentacles         |     8 |    15 |    61 |    18 ||   102
         Punch             |     1 |     3 |    23 |       ||    27
  Throw: Throwing net      |       |     1 |       |       ||     1
         Stone             |       |    10 |    15 |       ||    25
         Dart              |       |       |     8 |       ||     8
         Boomerang         |       |       |     7 |       ||     7
Ability: Lunge             |       |       |    24 |     7 ||    31
         Whirlwind         |       |       |    10 |       ||    10
    Use: Scroll            |     4 |     6 |     6 |     3 ||    19
         Potion            |       |     2 |     1 |       ||     3
   Stab: Sleeping          |     5 |     3 |     5 |       ||    13
         Distracted        |       |       |     3 |     1 ||     4
 Armour: Skin              |    14 |    29 |    49 |    27 ||   119
  Dodge: Dodged            |    29 |    60 |   148 |    30 ||   267
   Form: Flux              |       |       |       |     1 ||     1

Table legend: (Time is in decaauts)
 A = Elapsed time spent in this place.
 B = Non-inter-level travel time spent in this place.
 C = Inter-level travel time spent in this place.
 D = Time resting spent in this place.
 E = Time spent auto-exploring this place.
 F = Levels seen in this place.
 G = Mean time per level.
                   A        B        C        D        E       F      G
               +--------+--------+--------+--------+--------+-----+--------+
         Total |   6948 |   5961 |    987 |   1025 |   2895 |   9 |  772.0 |
       Dungeon |   6916 |   5944 |    972 |   1025 |   2895 |   8 |  864.5 |
        Temple |     32 |     17 |     15 |      0 |      0 |   1 |   32.0 |
               +--------+--------+--------+--------+--------+-----+--------+

Top non-repeatable levels by time:
     D:4: 1435 daAuts
     D:1: 1038 daAuts
     D:3: 883 daAuts
     D:2: 876 daAuts
     D:7: 804 daAuts
     D:6: 725 daAuts
     D:5: 634 daAuts
     D:8: 519 daAuts
  Temple: 32 daAuts
